 Dungeon Crawl Stone Soup version 0.29-a0-90-gc37658a0fe (webtiles) character file.

Game seed: 5091846124799105137

131382 soggyman666 the Severer (level 16, -3/144 HPs)
             Began as a Minotaur Fighter on Feb 7, 2022.
             Was a Believer of Uskayaw.
             Slain by a spriggan rider (11 damage)
             ... on level 3 of the Swamp on Feb 8, 2022.
             The game lasted 01:59:56 (38756 turns).

soggyman666 the Severer (Minotaur Fighter)         Turns: 38756, Time: 01:59:57

Health: -3/144     AC: 23    Str: 51    XL:     16   Next: 55%
Magic:  24/24      EV:  9    Int:  5    God:    Uskayaw [**....]
Gold:   1437       SH: 20    Dex:  9    Spells: 13/15 levels left

rFire   x . .      SeeInvis .   a - +3 war axe (chaos)
rCold   + . .      Faith    .   u - +3 tower shield
rNeg    . . .      Spirit   .   M - +0 plate armour {rC+}
rPois   .          Reflect  .   (helmet restricted)
rElec   .          Harm     .   i - +2 cloak
rCorr   .          Rampage  .   U - +0 pair of gloves of Aleat {rF- Regen+ Str+9}
Will    +....                   L - +0 pair of boots
Stlth   ..........              o - amulet of regeneration
HPRegen 1.94/turn               z - +6 ring of strength
MPRegen 0.19/turn               n - +6 ring of strength

@: lethally poisoned (-3 -> -6)
A: horns 2, retaliatory headbutt
a: Renounce Religion, Stomp, Line Pass


You were on level 3 of the Swamp.
You worshipped Uskayaw.
Uskayaw was pleased with you.
You visited 9 branches of the dungeon, and saw 31 of its levels.
You also visited: Ossuary, Gauntlet and Ice Cave.

You collected 3368 gold pieces.
You spent 1931 gold pieces at shops.

Inventory:

Hand Weapons
 a - a +3 war axe of chaos (weapon)
 x - a +2 trident of protection
 C - a +2 morningstar of freezing
 K - a +4 spectral flail
 X - the +7 mace of Dim Light {antimagic, rF+ rCorr Dex-3}
   (You bought it in a shop on level 1 of the Orcish Mines)

   It reduces the magical energy of the wielder, and disrupts the spells and
   magical abilities of those it strikes.
   Natural abilities and divine invocations are not affected.
   Dex:       It affects your dexterity (-3).
   rF:        It protects you from fire.
   rCorr:     It protects you from acid and corrosion.
 Y - a +3 broad axe
Missiles
 w - 228 bolts
Armour
 i - a +2 cloak (worn)
 u - a +3 tower shield (worn)
 F - a +2 pair of gloves of stealth
 H - a scarf of resistance
 L - a +0 pair of boots (worn)
 M - a +0 plate armour of cold resistance (worn)
 N - a scarf of invisibility
 U - the +0 pair of gloves of Aleat (worn) {rF- Regen+ Str+9}
   (You bought it in a shop on level 2 of the Orcish Mines)

   Str:       It affects your strength (+9).
   rF:        It makes you vulnerable to fire.
   Regen:     It increases your rate of health regeneration.
Jewellery
 d - a ring of poison resistance
 e - the amulet "Muliycoc" {Spirit Harm Will+ rCorr}
   (You found it in a Gauntlet)

   [amulet of guardian spirit]

   It causes incoming damage to be divided between your reserves of health and
   magic.
   rCorr:     It protects you from acid and corrosion.
   Harm:      It increases damage dealt and taken.
   Will:      It increases your willpower.
 n - a +6 ring of strength (right hand)
 o - an amulet of regeneration (around neck)
 q - a +4 ring of slaying
 r - a ring of willpower
 y - a ring of see invisible
 z - a +6 ring of strength (left hand)
 D - an amulet of reflection
 Q - a +6 ring of dexterity
 T - a ring of protection from cold
 Z - a ring of ice
Wands
 c - a wand of flame (48) (quivered)
 j - a wand of polymorph (22)
 A - a wand of charming (1)
 B - a wand of paralysis (5)
 J - a wand of iceblast (31)
 S - a wand of acid (6)
 W - a wand of digging (3)
Scrolls
 h - 5 scrolls of fog
 k - 3 scrolls of fear
 l - 3 scrolls of blinking
 s - 7 scrolls of teleportation
 I - 2 scrolls of magic mapping
 P - a scroll of summoning
Potions
 b - 2 potions of magic
 f - 2 potions of haste
 g - 5 potions of curing
 m - 2 potions of heal wounds
 v - 2 potions of flight
 G - a potion of cancellation
 O - a potion of invisibility
 R - 2 potions of berserk rage
 V - 2 potions of brilliance
Miscellaneous
 p - a tin of tremorstones (2/2)
 t - a lightning rod (4/4)
 E - a condenser vane


   Skills:
 + Level 13.5 Fighting
 + Level 16.9(17.5) Axes
 + Level 4.3(11.9) Maces & Flails
 + Level 5.9(12.5) Polearms
 + Level 14.5 Armour
 + Level 4.8 Dodging
 + Level 14.6 Shields
 * Level 13.1 Invocations
 * Level 10.2 Evocations


You had 13 spell levels left.
You knew the following spells:

 Your Spells              Type           Power      Damage    Failure   Level
a - Poisonous Vapours     Pois/Air       0%         N/A       100%        2

Your spell library contained the following spells:

 Spells                   Type           Power      Damage    Failure   Level
 Animate Skeleton         Necr           0%         N/A       99%         1
 Freeze                   Ice            0%         1d3       99%         1
 Magic Dart               Conj           0%         1d3       99%         1
 Pain                     Necr           0%         1d4       99%         1
 Sting                    Tmut/Pois      0%         1d3       99%         1
 Summon Small Mammal      Summ           0%         N/A       99%         1
 Call Imp                 Summ           0%         N/A       100%        2
 Ensorcelled Hibernation  Hex/Ice        0%         N/A       100%        2
 Passwall                 Tmut/Erth      0%         N/A       100%        2
 Static Discharge         Conj/Air       0%         N/A       100%        2
 Sublimation of Blood     Necr           0%         N/A       100%        2
 Wereblood                Tmut           0%         N/A       100%        2
 Call Canine Familiar     Summ           0%         N/A       100%        3
 Mephitic Cloud           Conj/Pois/Air  0%         N/A       100%        3
 Ozocubu's Armour         Ice            0%         N/A       100%        3
 Portal Projectile        Hex/Tloc       0%         N/A       100%        3
 Stone Arrow              Conj/Erth      0%         3d7       100%        3
 Summon Guardian Golem    Hex/Summ       0%         N/A       100%        3
 Swiftness                Air            0%         N/A       100%        3
 Vampiric Draining        Necr           0%         2d6       100%        3
 Animate Armour           Summ/Erth      0%         N/A       100%        4
 Animate Dead             Necr           0%         N/A       100%        4
 Dispel Undead            Necr           0%         3d6       100%        4
 Hailstorm                Conj/Ice       0%         3d3       100%        4
 Ice Form                 Ice/Tmut       0%         N/A       100%        4
 Leda's Liquefaction      Hex/Erth       0%         N/A       100%        4
 Olgreb's Toxic Radiance  Pois           0%         N/A       100%        4
 Sticky Flame             Conj/Fire      0%         2d3       100%        4
 Borgnjor's Vile Clutch   Necr/Erth      0%         N/A       100%        5
 Iskenderun's Battlesphe  Conj           0%         2d6       100%        5
 Summon Forest            Summ/Tloc      0%         N/A       100%        5
 Summon Mana Viper        Hex/Summ       0%         N/A       100%        5
 Death Channel            Necr           0%         N/A       100%        6
 Iron Shot                Conj/Erth      0%         9d1       100%        6
 Simulacrum               Ice/Necr       0%         N/A       100%        6
 Summon Cactus Giant      Summ           0%         N/A       100%        6
 Ozocubu's Refrigeration  Ice            0%         4d5       100%        7
 Spellforged Servitor     Conj/Summ      0%         N/A       100%        7
 Summon Hydra             Summ           0%         N/A       100%        7
 Lehudib's Crystal Spear  Conj/Erth      0%         10d2      100%        8
 Polar Vortex             Ice            0%         N/A       100%        9


Dungeon Overview and Level Annotations

Branches:
Dungeon (15/15)            Temple (0/1) D:6            Lair (6/6) D:11
  Swamp (3/4) Lair:4       Spider (1/4) Lair:4        Slime (1/5) Lair:5
    Orc (2/2) D:9             Elf (1/3) Orc:2        Vaults (0/5) D:13
 Depths (1/4) D:15           Hell (visited)         Ossuary (visited)
  IceCv (visited)         Gauntlet (visited)
    Dis: Hell:1         Geh: Hell:1         Coc: Hell:1         Tar: Hell:1

Altars:
Ashenzari
Dithmenos
Fedhas
Kikubaaqudgha
Makhleb
Nemelex Xobeh
Okawaru
Qazlal
Sif Muna
Uskayaw
Wu Jian
Zin
Beogh
Jiyva

Shops:
D:3 [   D:10 *   Orc:1 (:(   Orc:2 ?[[=

Portals:
Hell: Lair:6

Annotations:
Swamp:3 Aizul
Hell Geryon


Innate Abilities, Weirdness & Mutations

You have a pair of horns on your head.
You reflexively headbutt those who attack you in melee.


Message History

You block the spriggan rider's attack.
You can now pass through a line of other dancers.
You miss the spriggan rider.
Your headbutt misses the spriggan rider.
The spriggan rider is moderately wounded.
You feel very sick. You block the spriggan rider's attack.
The spriggan rider hits you from afar with a +0 spear.
The spriggan rider hits you with a +0 spear!
You slash the spriggan rider! You freeze the spriggan rider.
You headbutt the spriggan rider!
The spriggan rider is severely wounded.
You feel very sick.
Aizul coils herself and waves her upper body at you.
The bolt of poison hits you!!
You are more poisoned.
You block the spriggan rider's attack. The spriggan rider barely misses you.
You are too injured to fight recklessly!
Unknown command.
Unknown command.
You are too injured to fight recklessly!
Unknown command.
You are too injured to fight recklessly!
Unknown command.
You are too injured to fight recklessly!
You feel very sick. You block the spriggan rider's attack.
Aizul casts a spell at you.
You fall asleep.
The spriggan rider hits you with a +0 spear!!!
You wake up.
* * * LOW HITPOINT WARNING * * *
The spriggan rider hits you with a +0 spear.
* * * LOW HITPOINT WARNING * * *
There is a stone staircase leading up, spattered with blood here.
You feel very sick.
The spriggan rider hits you but does no damage.
You block Aizul's attack.
The spriggan rider hits you with a +0 spear!
You die...

..≈≈≈≈≈≈§≈.
.≈≈≈≈≈≈≈≈≈.♣
≈≈≈≈≈...≈≈≈♣
≈≈♣.(≈≈≈≈.♣♣♣♣
≈.≈.≈≈§≈≈.>.≈♣♣ .
♣.≈≈≈≈≈..≈..♣
≈.≈♣♣.≈≈≈≈≈.§≈≈.♣
.≈≈≈.≈§S.i§≈≈≈≈♣♣ ♣
≈≈≈≈≈≈i.@i.....♣♣♣ .$♣
≈≈≈≈......>..≈≈.≈♣♣..♣
≈≈≈..♣♣♣♣≈..♣.....≈♣♣.≈
≈§.≈ ♣♣♣♣♣♣...≈..≈≈≈
... ♣♣♣♣.§≈./≈ §≈
.≈≈.<≈ ≈ ≈≈♣♣ ≈♣ ♣


You could see Aizul and 3 spriggan riders.

Vanquished Creatures
  Frances (D:14)
  2 stone giants
  2 eleionomae (Swamp:2)
  A bunyip (Lair:4)
  A minotaur (Gauntlet)
  A spark wasp (Swamp:2)
  Josephine (D:10)
  2 vault guards (D:13)
  Fannar (Lair:3)
  3 boulder beetles
  13 hydras
  Erolcha (D:10)
  2 catoblepae
  6 centaur warriors (D:13)
  A ghost crab (Swamp:1)
  An ogre mage (D:12)
  7 two-headed ogres
  8 alligators
  9 death yaks
  2 tengu warriors (D:15)
  3 orc high priests (Orc:2)
  A deep elf knight (Elf:1)
  6 spriggans
  3 skeletal warriors (D:15)
  A sixfirhy (Lair:6)
  3 swamp dragons
  6 goliath frogs
  A spriggan druid (Swamp:1)
  5 wizards
  A glowing orange brain (Depths:1)
  3 bog bodies
  A harpy (shapeshifter) (D:14)
  6 orc knights
  A lindwurm (Lair:5)
  6 deep elf pyromancers
  A necromancer (D:13)
  5 ugly things
  7 orc sorcerers
  5 cyclopes
  4 manticores
  6 black mambas
  14 elephants
  An ice statue (IceCv)
  A smoke demon (Gauntlet)
  14 cane toads
  4 orange demons (Lair:6)
  Maggie (D:7)
  8 rime drakes
  8 komodo dragons
  A kobold demonologist (D:13)
  3 ice devils
  An unseen horror (D:12)
  An efreet (D:14)
  2 freezing wraiths
  A bloated husk (Swamp:1)
  2 polar bears
  A hellwing (Lair:6)
  2 red devils
  A tengu conjurer (D:9)
  5 trolls
  Prince Ribbit (D:7)
  3 hornets
  A tarantella (Lair:4)
  4 dream sheep (Lair:5)
  A raiju (Gauntlet)
  18 blink frogs
  6 tyrant leeches
  Grinder (D:3)
  9 slime creatures
  A spriggan (shapeshifter) (D:15)
  A water elemental (D:12)
  3 shadows
  3 wyverns
  2 dire elephant simulacra (IceCv)
  17 humans (D:13)
  5 steam dragons
  A ynoxinul (Gauntlet)
  58 yaks
  8 wraiths
  5 basilisks
  A death yak simulacrum (IceCv)
  A golden eye (Lair:5)
  13 vampire mosquitoes
  Grum (D:8)
  2 acid dragons
  2 wargs
  8 swamp worms
  16 water moccasins
  3 hell hounds (Lair:6)
  23 orc warriors
  An ice beast (D:7)
  3 sky beasts
  A hornet zombie (D:7)
  A necrophage (D:4)
  8 ogres
  2 black bears
  14 wolves
  3 boggarts (D:15)
  4 centaurs
  2 kobold brigands (D:11)
  11 bullfrogs
  An earth elemental (Elf:1)
  5 gnoll sergeants
  2 cane toad simulacra (IceCv)
  2 two-headed ogre simulacra (IceCv)
  2 wyvern zombies
  7 scorpions
  The ghost of enile the Skirmisher, a weakling DgWn (D:3)
  4 elephant simulacra (IceCv)
  6 killer bees (D:11)
  5 wights (D:10)
  3 vampire bats (D:7)
  8 electric eels
  3 bullfrog zombies (D:5)
  3 crimson imps (Gauntlet)
  6 howler monkeys
  7 centaur zombies
  2 jellies
  4 hounds
  2 iron imps (Gauntlet)
  A bullfrog skeleton (D:4)
  A centaur skeleton (D:6)
  15 orc priests
  A gnoll shaman (D:9)
  Crazy Yiuf (D:4)
  Jessica (D:3)
  Terence (D:2)
  5 iguanas
  22 orc wizards
  Ijyb (D:3)
  2 lightning spires (Gauntlet)
  6 spriggan simulacra (IceCv)
  4 troll simulacra (IceCv)
  2 wolf simulacra (IceCv)
  A killer bee zombie (D:9)
  A hound skeleton (D:4)
  3 mummies (Ossuary)
  A howler monkey zombie (D:6)
  10 adders
  13 gnolls
  11 naga simulacra (IceCv)
  A shadow imp (D:6)
  18 white imps
  5 ufetubi
  3 worms (D:2)
  4 dart slugs
  56 orcs
  A bat skeleton (D:7)
  4 bat zombies (D:7)
  6 endoplasms
  4 giant cockroaches
  12 goblins
  9 hobgoblins
  20 kobolds
  5 quokkas
  12 ball pythons
  6 bats
  2 frilled lizards
  4 goblin zombies (Ossuary)
  4 hobgoblin zombies (Ossuary)
  2 kobold zombies (Ossuary)
  7 rats
  A bush (Lair:6)
841 creatures vanquished.

Vanquished Creatures (collateral kills)
  An ugly thing (D:14)
1 creature vanquished.

Vanquished Creatures (others)
  An ice dragon (Depths:1)
  46 fungi
  114 plants
161 creatures vanquished.

Grand Total: 1003 creatures vanquished

Notes
Turn   | Place    | Note
-------+----------+-------------------------------------------
     0 | D:1      | soggyman666 the Minotaur Fighter began the quest for the
                  | Orb.
     0 | D:1      | Reached XP level 1. HP: 19/19 MP: 0/0
    80 | D:1      | Reached XP level 2. HP: 14/27 MP: 1/1
   306 | D:1      | Found a faded altar of an unknown god.
   638 | D:1      | Reached skill level 3 in Axes
   874 | D:2      | Reached XP level 3. HP: 24/33 MP: 2/2
  1069 | D:2      | Noticed Terence
  1080 | D:2      | Killed Terence
  1081 | D:2      | Reached skill level 4 in Axes
  1081 | D:2      | Reached XP level 4. HP: 19/40 MP: 3/3
  1968 | D:3      | Noticed Jessica
  1972 | D:3      | Killed Jessica
  2015 | D:3      | Reached XP level 5. HP: 41/47 MP: 4/4
  2091 | D:3      | Noticed enile's ghost (weakling DgWn)
  2096 | D:3      | Found a runed translucent door.
  2169 | D:3      | Found a faded altar of an unknown god.
  2173 | D:3      | Found a broken altar of Ashenzari.
  2258 | D:3      | Reached skill level 5 in Axes
  2273 | D:4      | Noticed a +0 hand axe
  2273 | D:4      | Noticed a +0 dagger
  2273 | D:4      | Found a hide-covered altar of Uskayaw.
  2305 | D:4      | Reached skill level 1 in Dodging
  2316 | D:4      | Became a worshipper of Uskayaw the Reveller
  2378 | D:4      | Reached * piety under Uskayaw
  2381 | D:4      | Reached ** piety under Uskayaw
  2563 | D:4      | Reached XP level 6. HP: 53/53 MP: 5/5
  2697 | D:4      | Reached skill level 5 in Armour
  2699 | D:4      | Reached *** piety under Uskayaw
  2815 | D:4      | Reached skill level 6 in Axes
  2815 | D:4      | Reached skill level 1 in Invocations
  2912 | D:4      | Reached skill level 5 in Fighting
  2912 | D:4      | Reached XP level 7. HP: 49/61 MP: 7/7
  2914 | D:4      | Reached **** piety under Uskayaw
  3210 | D:4      | Found a runed translucent door.
  3211 | D:4      | Noticed Crazy Yiuf
  3370 | D:4      | Killed Crazy Yiuf
  3499 | D:5      | Entered Level 5 of the Dungeon
  3499 | D:5      | Noticed a hornet
  3502 | D:5      | Paralysed by a hornet for 3 turns
  3509 | D:5      | Killed a hornet
  3510 | D:5      | Reached skill level 7 in Axes
  3731 | D:5      | Found a sparkling altar of Nemelex Xobeh.
  3748 | D:5      | Reached XP level 8. HP: 65/69 MP: 7/9
  3765 | D:5      | Found a sand-covered staircase.
  3782 | Ossuary  | Entered an ossuary
  3944 | Ossuary  | Reached skill level 8 in Axes
  4202 | Ossuary  | Learned a level 2 spell: Poisonous Vapours
  4343 | D:5      | Found an iron altar of Okawaru.
  4349 | D:5      | Reached skill level 5 in Shields
  4598 | D:6      | Reached skill level 9 in Axes
  4732 | D:6      | Found a shimmering blue altar of Sif Muna.
  4873 | D:6      | Reached XP level 9. HP: 72/75 MP: 11/11
  5174 | D:6      | Found a staircase to the Ecumenical Temple.
  5188 | D:6      | Noticed a two-headed ogre
  5196 | D:6      | HP: 3/77 [two-headed ogre (27)]
  5198 | D:6      | Killed a two-headed ogre
  5199 | D:6      | Reached skill level 10 in Axes
  5580 | D:7      | Reached skill level 5 in Invocations
  5797 | D:7      | Noticed a troll
  5804 | D:7      | Killed a troll
  6021 | D:7      | Noticed Maggie
  6027 | D:7      | Killed Maggie
  6028 | D:7      | Reached skill level 11 in Axes
  6188 | D:7      | Reached XP level 10. HP: 86/86 MP: 13/13
  6394 | D:7      | Noticed Prince Ribbit
  6396 | D:7      | Found an ancient bone altar of Kikubaaqudgha.
  6400 | D:7      | Killed Prince Ribbit
  6950 | D:8      | Noticed Grum
  6959 | D:8      | Killed Grum
  6960 | D:8      | Reached skill level 1 in Evocations
  7074 | D:8      | Reached skill level 12 in Axes
  7074 | D:8      | Reached ***** piety under Uskayaw
  7250 | D:8      | Found a burning altar of Makhleb.
  7370 | D:9      | Noticed a green ugly thing
  7376 | D:9      | Killed a green ugly thing
  7378 | D:9      | Found a staircase to the Orcish Mines.
  7477 | D:9      | Found a shadowy altar of Dithmenos.
  7634 | D:9      | Noticed a six-headed hydra
  7715 | D:9      | Killed a six-headed hydra
  7716 | D:9      | Reached XP level 11. HP: 43/94 MP: 15/15
  7841 | D:9      | Found a stormy altar of Qazlal.
  7938 | D:9      | Found a glowing silver altar of Zin.
  8224 | D:9      | Noticed a two-headed ogre
  8231 | D:9      | Killed a two-headed ogre
  8387 | D:10     | Entered Level 10 of the Dungeon
  8399 | D:10     | Reached skill level 10 in Armour
  8524 | D:10     | Found Cuheh's Demolitions Depot.
  8652 | D:10     | Reached skill level 13 in Axes
  8668 | D:10     | Reached ****** piety under Uskayaw
  8673 | D:10     | Noticed Josephine
  8686 | D:10     | Killed Josephine
  8776 | D:10     | Noticed Erolcha
  8786 | D:10     | Killed Erolcha
  8920 | D:10     | Bought a condenser vane for 640 gold pieces
  9467 | D:11     | Noticed a boulder beetle
  9483 | D:10     | Killed a boulder beetle
  9484 | D:10     | Reached XP level 12. HP: 85/104 MP: 17/17
  9616 | D:11     | Noticed a two-headed ogre
  9621 | D:11     | Killed a two-headed ogre
  9704 | D:11     | Identified the +0 ring mail of Perpetual Drought {Dex+5}
  9772 | D:11     | Reached skill level 5 in Evocations
 10058 | D:11     | Found a staircase to the Lair.
 10351 | Lair:1   | Entered Level 1 of the Lair of Beasts
 10406 | Lair:1   | Reached skill level 14 in Axes
 10572 | Lair:1   | Noticed a six-headed hydra
 10585 | Lair:1   | Killed a six-headed hydra
 10814 | Lair:1   | Reached skill level 1 in Polearms
 10902 | Lair:1   | Noticed a four-headed hydra
 10911 | Lair:1   | Killed a four-headed hydra
 11570 | Lair:2   | Reached skill level 10 in Fighting
 11830 | Lair:2   | Reached XP level 13. HP: 110/113 MP: 19/19
 11830 | Lair:2   | Found a frozen archway.
 12017 | IceCv    | Entered an ice cave
 13033 | IceCv    | HP: 2/113 [something] (20)]
 14053 | IceCv    | Reached skill level 1 in Maces & Flails
 14407 | IceCv    | Identified the +11 hand crossbow of Eternity {penet, Fly
                  | rF++ Int+3 Dex-2}
 15925 | Lair:3   | Reached skill level 5 in Polearms
 15925 | Lair:3   | Reached skill level 10 in Invocations
 16558 | Lair:3   | Noticed Fannar
 16594 | Lair:3   | Killed Fannar
 16790 | Lair:3   | Reached skill level 10 in Shields
 17889 | Lair:4   | HP: 5/114 [poison (poison gas)]
 18354 | Lair:4   | Found a hole to the Spider Nest.
 18563 | Lair:4   | Found a staircase to the Swamp.
 19152 | Lair:5   | Found a staircase to the Slime Pits.
 19153 | Lair:5   | Found a viscous altar of Jiyva.
 19236 | Lair:5   | Found a gate leading to a gauntlet.
 19297 | Gauntlet | Entered a Gauntlet
 19297 | Gauntlet | Found a transporter.
 19356 | Gauntlet | Found a transporter.
 19371 | Gauntlet | Found a transporter.
 19376 | Gauntlet | Found a transporter.
 19391 | Gauntlet | Found a transporter.
 19410 | Gauntlet | Found a transporter.
 19422 | Gauntlet | Found a transporter.
 19430 | Gauntlet | Found a large runed translucent door.
 19431 | Gauntlet | Found a large runed translucent door.
 19432 | Gauntlet | Found a large runed translucent door.
 19432 | Gauntlet | Found a large runed translucent door.
 19433 | Gauntlet | Found a runed translucent gate.
 19434 | Gauntlet | Found a transporter.
 19434 | Gauntlet | Found a runed translucent gate.
 19435 | Gauntlet | Found a runed translucent gate.
 19436 | Gauntlet | Found a large runed translucent door.
 19436 | Gauntlet | Found a large runed translucent door.
 19437 | Gauntlet | Found a large runed translucent door.
 19438 | Gauntlet | Found a large runed translucent door.
 19446 | Gauntlet | Found a transporter.
 19455 | Gauntlet | Noticed a blizzard demon
 19458 | Gauntlet | Found a transporter.
 19475 | Gauntlet | Found a transporter.
 19491 | Gauntlet | Found a large runed translucent door.
 19491 | Gauntlet | Found a large runed translucent door.
 19491 | Gauntlet | Found a runed translucent door.
 19491 | Gauntlet | Found a runed translucent door.
 19492 | Gauntlet | Found a large runed translucent door.
 19493 | Gauntlet | Found a large runed translucent door.
 19495 | Gauntlet | Found a transporter.
 19511 | Gauntlet | Found a large runed translucent door.
 19511 | Gauntlet | Found a large runed translucent door.
 19512 | Gauntlet | Found a large runed translucent door.
 19513 | Gauntlet | Found a large runed translucent door.
 19515 | Gauntlet | Found a transporter.
 19521 | Gauntlet | Noticed a fire dragon
 19521 | Gauntlet | a radroach changed into a fire dragon
 19524 | Gauntlet | a fire dragon changed into a slime creature
 19537 | Gauntlet | Found a transporter.
 19612 | Gauntlet | Found a transporter.
 19614 | Gauntlet | Found a transporter.
 19659 | Gauntlet | Found a transporter.
 19769 | Gauntlet | Noticed an ettin
 19769 | Gauntlet | a tyrant leech changed into an ettin
 19770 | Gauntlet | an ettin changed into a glowing shapeshifter
 19897 | Gauntlet | Reached skill level 15 in Axes
 19900 | Gauntlet | Found a transporter.
 20101 | Gauntlet | Reached XP level 14. HP: 66/124 MP: 20/20
 20591 | Gauntlet | Identified the amulet "Muliycoc" {Spirit Harm Will+ rCorr}
 20653 | Gauntlet | Got the Papyrus of the Glacier
 21765 | Slime:1  | Entered Level 1 of the Pits of Slime
 23148 | D:3      | Noticed Ijyb
 23155 | D:3      | Killed Ijyb
 23221 | D:3      | Noticed Grinder
 23229 | D:3      | Killed Grinder
 23238 | D:3      | Found Fimm's Antique Armour Boutique.
 23311 | D:3      | Bought a pair of embroidered gloves for 150 gold pieces
 23311 | D:3      | Bought an embroidered scarf for 160 gold pieces
 23785 | D:3      | Killed enile's ghost
 25424 | Spider:1 | Entered Level 1 of the Spider Nest
 25584 | Lair:6   | Entered Level 6 of the Lair of Beasts
 26799 | Lair:6   | Found a burning altar of Makhleb.
 26815 | Lair:6   | Reached skill level 16 in Axes
 27142 | Lair:6   | Found a gateway to Hell.
 27432 | Hell     | Entered the Vestibule of Hell
 27432 | Hell     | Noticed Geryon
 27432 | Hell     | Noticed a reaper
 27432 | Hell     | Noticed a reaper
 27745 | D:12     | Reached XP level 15. HP: 88/132 MP: 22/22
 29925 | D:13     | Found a gate to the Vaults.
 30958 | D:14     | Noticed Frances
 30984 | D:14     | Killed Frances
 31809 | D:14     | Found an iron altar of Okawaru.
 31912 | D:14     | Found an ornate altar of the Wu Jian Council.
 32111 | D:15     | Entered Level 15 of the Dungeon
 32135 | D:15     | Found a staircase to the Depths.
 32966 | D:15     | Found a blossoming altar of Fedhas.
 33223 | D:15     | Found a broken altar of Ashenzari.
 33697 | Depths:1 | Entered Level 1 of the Depths
 33941 | Orc:1    | Entered Level 1 of the Orcish Mines
 34143 | Orc:1    | Found Etaucrus's Weapon Emporium.
 34335 | Orc:1    | Bought the +7 mace of Dim Light {antimagic, rF+ rCorr
                  | Dex-3} for 630 gold pieces
 34342 | Orc:1    | Found Kaeddopp's Weapon Boutique.
 34375 | Orc:1    | Found Quladoot's Book Shop.
 34552 | Orc:2    | Entered Level 2 of the Orcish Mines
 34692 | Orc:2    | Found a staircase to the Elven Halls.
 35177 | Orc:2    | Found Zazuhom's Jewellery Shop.
 35597 | Orc:2    | Reached XP level 16. HP: 139/139 MP: 24/24
 35689 | Orc:2    | Found Inuogg's Magic Scroll Shop.
 36145 | Orc:2    | Found Hempuur's Armour Shoppe.
 36152 | Orc:2    | Found Jocu Dai's Armour Shoppe.
 36160 | Orc:2    | Bought the +0 pair of gloves of Aleat {rF- Regen+ Str+9}
                  | for 351 gold pieces
 36435 | Elf:1    | Entered Level 1 of the Elven Halls
 36975 | Swamp:1  | Entered Level 1 of the Swamp
 38206 | Swamp:2  | You fall into a shaft and drop 1 floor!
 38233 | Swamp:2  | HP: 7/144 [acid (7)]
 38521 | Swamp:2  | Reached skill level 10 in Evocations
 38741 | Swamp:3  | Noticed Aizul
 38756 | Swamp:3  | Slain by a spriggan rider

Illustrated notes

Levels and vault maps discovered:
D:1:      lightli_arrival_lavapool, layout_basic, ebering_ecumenical_altar_webs
D:2:      layout_rooms, minmay_vboxes, uniq_terence
D:3:      layout_basic, nicolae_overflow_ecumenical_swirl, serial_shops,
          nicolae_shop_waterfront, hellmonk_ghost_happy_afterlife, uniq_grinder,
          uniq_ijyb, uniq_jessica
D:4:      layout_basic, dancing_weapons_uskayaw, minmay_fractal_squares_5,
          uniq_crazy_yiuf_cottage
D:5:      layout_rooms, grunt_temple_overflow_open,
          nicolae_ossuary_entry_monument
D:6:      layout_loops_corners, mainiacjoe_overflow_six_doors_small,
          minmay_temple_entry_glass
D:7:      layout_loops_corners, kennysheep_vampire_church, nrook_mini_backslash,
          uniq_maggie, uniq_prince_ribbit1
D:8:      layout_gridville, lightli_temple_of_fire, minmay_misc_feat_rows,
          uniq_grum
D:9:      minmay_polygon_palace, layout_rooms, marbit_many_paths,
          nicolae_dithmenos_through_a_glass_darkly, zin_statuary,
          minmay_orc_entry_temple_small, minmay_microvault
D:10:     layout_long_grid, nicolae_blasting_shop, nicolae_fountain_basement,
          uniq_josephine, uniq_erolcha
D:11:     layout_rooms, erik_lair_dragon
D:12:     layout_cave_pools, serial_bayou, serial_bayou_lake_a,
          serial_bayou_shore_b, serial_bayou_pond_d, serial_bayou_pond_e,
          nicolae_benzene_ring
D:13:     layout_loops_ring, grunt_vaults_entry_tiered, drop_trap,
          chequers_big_river, kennysheep_generic_room_13
D:14:     layout_irregular_city, nicolae_wu_jian_immortal_techniques,
          kennysheep_okawaru_gauntlet, uniq_frances
D:15:     grunt_enter_depths_snipers, layout_basic, fedhas_altar_fruit_tree,
          cheibrodos_ashenzari_chains
Lair:1:   layout_chaotic_city, lemuel_old_faithful
Lair:2:   layout_cave_pods, portal_ice_cave_entry_imps,
          minmay_stone_trees_medium, cheibrodos_lair_reptile_den,
          serial_bayou_shore_a
Lair:3:   layout_gridlike, uniq_fannar
Lair:4:   layout_gridlike, minmay_swamp_entry_worms, dummy_spider_entry,
          lookout_lair_type, pond, serial_bayou_shore_b,
          infiniplex_staircase_pool_2
Lair:5:   layout_cave_pods, slime_altar_1, gauntlet_entry_generic
Lair:6:   evil_forest, layout_loops_ring
Swamp:1:  layout_basic_swamp, hangedman_swamp_diagram,
          nicolae_swamp_spriggan_camp, infiniplex_staircase_pool
Swamp:2:  layout_falls_marsh, evilmike_swamp_ruin_house_4,
          nicolae_swamp_catching_bugs
Swamp:3:  layout_basic_swamp, nicolae_swamp_triple_paths, swamp_pool5,
          uniq_aizul, uniq_jorgrun
Spider:1: layout_spider_delve, ebering_ghost_reflecting_pool,
          hangedman_spider_tarantella_strand
Slime:1:  layout_caves
Orc:1:    layout_caves, serial_shops, shop, nicolae_diamond_shop,
          nicolae_shop_hallway_plus, nicolae_square_shop,
          nicolae_shop_hallway_plus, nicolae_orc_damp_corner
Orc:2:    st_orc_elflike, layout_caves, lightli_orcish_oven
Elf:1:    layout_loops_cross, lightli_enter_wizlab_magi_temple, orc_legates
Depths:1: layout_gridlike, serial_shops, kennysheep_mini,
          hangedman_decor_lopped, pf_coc_iceberg, hangedman_decor_points,
          lemuel_flamethrower_hall
Hell

Skill      XL: |  1  2  3  4  5  6  7  8  9 10 11 12 13 14 15 16 |
---------------+-------------------------------------------------+-----
Axes           | 3 4 5 6 7 9 11 12 13 14 15 16 | 16.9
Fighting       | 4 5 6 7 8 9 10 11 12 13 | 13.5
Shields        | 4 5 6 8 9 10 12 13 14 | 14.6
Armour         | 4 5 6 7 8 9 10 11 12 13 14 | 14.5
Dodging        | 1 3 4 |  4.8
Invocations    | 1 2 4 5 6 8 9 10 11 12 13 | 13.1
Evocations     | 2 4 6 7 8 9 10 | 10.2
Polearms       | 2 5 |  5.9
Maces & Flails | 1 3 4 |  4.3

Action                   |  1- 3 |  4- 6 |  7- 9 | 10-12 | 13-15 | 16-18 || total
-------------------------+-------+-------+-------+-------+-------+-------++-------
Melee: War axe           |    67 |   127 |   191 |   407 |   861 |   252 ||  1905
       Headbutt          |     8 |    13 |    38 |    78 |   294 |    56 ||   487
       Trident           |       |       |       |    21 |   327 |       ||   348
       Morningstar       |       |       |       |       |    61 |       ||    61
       Flail             |       |       |       |       |    26 |     5 ||    31
       Mace              |       |       |       |       |       |    30 ||    30
Invok: Stomp             |       |       |       |     2 |     3 |     1 ||     6
       Grand Finale      |       |       |       |     1 |     1 |       ||     2
       Line Pass         |       |       |       |       |       |     1 ||     1
Evoke: Wand              |       |       |       |     3 |     7 |       ||    10
       Condenser vane    |       |       |       |       |     1 |     1 ||     2
       Lightning rod     |       |       |       |       |       |     4 ||     4
  Use: Scroll            |       |     4 |    11 |     7 |    13 |     4 ||    39
       Potion            |       |       |     3 |     1 |     7 |     5 ||    16
 Stab: Paralysed         |       |     2 |     6 |    81 |   100 |     7 ||   196
       Distracted        |       |       |       |       |     1 |       ||     1
       Invisible         |       |       |       |       |     1 |       ||     1
       Confused          |       |       |       |       |       |     1 ||     1
Armor: Scale mail        |    30 |    63 |    51 |       |       |       ||   144
       Plate armour      |       |       |     6 |   265 |   509 |   133 ||   913
       Steam dragon scal |       |       |       |     2 |       |       ||     2
Dodge: Dodged            |    29 |    51 |    81 |   123 |   181 |    72 ||   537
Block: Buckler           |    19 |    28 |    52 |    12 |     7 |       ||   118
       Tower shield      |       |       |       |   343 |  1161 |   309 ||  1813
       Reflection        |       |       |       |     2 |    36 |       ||    38

Table legend: (Time is in decaauts)
 A = Elapsed time spent in this place.
 B = Non-inter-level travel time spent in this place.
 C = Inter-level travel time spent in this place.
 D = Time resting spent in this place.
 E = Time spent auto-exploring this place.
 F = Levels seen in this place.
 G = Mean time per level.
                   A        B        C        D        E       F      G
               +--------+--------+--------+--------+--------+-----+--------+
         Total |  39125 |  33689 |   5436 |   7873 |  18315 |  34 | 1150.7 |
       Dungeon |  19384 |  15710 |   3674 |   2768 |   9937 |  15 | 1292.3 |
          Lair |  10495 |   9122 |   1373 |   2243 |   5210 |   6 | 1749.2 |
         Swamp |   1767 |   1661 |    106 |    124 |    710 |   3 |  589.0 |
   Spider Nest |      1 |      1 |      0 |      0 |      0 |   1 |    1.0 |
    Slime Pits |      4 |      4 |      0 |      0 |      0 |   1 |    4.0 |
  Orcish Mines |   2559 |   2277 |    282 |    571 |   1245 |   2 | 1279.5 |
   Elven Halls |     71 |     71 |      0 |      0 |     34 |   1 |   71.0 |
        Depths |    119 |    119 |      0 |     39 |      0 |   1 |  119.0 |
          Hell |      1 |      1 |      0 |      0 |      0 |   1 |    1.0 |
       Ossuary |    433 |    433 |      0 |      0 |    279 |   1 |  433.0 |
      Ice Cave |   2850 |   2850 |      0 |   1594 |    513 |   1 | 2850.0 |
      Gauntlet |   1436 |   1436 |      0 |    533 |    384 |   1 | 1436.0 |
               +--------+--------+--------+--------+--------+-----+--------+

Top non-repeatable levels by time:
   IceCv: 2850 daAuts
  Lair:4: 2230 daAuts
  Lair:6: 2017 daAuts
   Orc:2: 1944 daAuts
  Lair:5: 1847 daAuts
    D:11: 1801 daAuts
    D:15: 1602 daAuts
  Lair:2: 1584 daAuts
    D:13: 1525 daAuts
     D:4: 1477 daAuts
  Lair:1: 1463 daAuts
    D:12: 1449 daAuts
     D:7: 1443 daAuts
Gauntlet: 1436 daAuts
     D:9: 1397 daAuts
